Map: Catallena LE (Void)

Players

Snute - Winner!

  • Race: Zerg Zerg
  • Spawn Location: 9:00

Has

  • Race: Protoss Protoss
  • Spawn Location: 5:00

Event: WCS Montreal 2017

VOD

Have the link to the VOD?

Description

Time

  • Played on: Sept. 9, 2017, 2:52 p.m.
  • Length: 18:26

All games in this series

Show
View Real Time Build Order
Export as new Build Order

Snute Zerg - Winner!

Build Orders: Hatch First 

Get SALT Encoding   

  12  0:00  Drone  
  13  0:12  Overlord  
  13  0:18  Drone  
  14  0:31  Drone x2  
  14  0:34  Drone  
  17  0:53  Hatchery  
  17  0:56  Drone  
  17  1:00  Drone  
  17  1:02  Extractor  
  17  1:15  Spawning Pool  
  17  1:18  Drone  
  17  1:21  Drone  
  18  1:28  Drone  
  19  1:39  Overlord  
  19  1:50  Drone  
  20  2:01  Drone  
  21  2:02  Queen  
  21  2:05  Metabolic Boost  
  23  2:09  Queen  
  23  2:12  Drone  
  23  2:15  Drone  
  27  2:18  Drone  
  27  2:22  Drone  
  29  2:38  Hatchery  
  29  2:41  Drone x2  
  30  2:44  Drone  
  30  2:47  Overlord  
  30  2:50  Drone  
  32  2:54  Drone  
  32  2:58  Drone  
  34  3:04  Overlord  
  34  3:05  Queen  
  36  3:09  Drone  
  36  3:10  Drone  
  36  3:11  Drone  
  39  3:13  Drone  
  39  3:17  Zergling x2  
  39  3:18  Zergling x4  
  43  3:20  Zergling x2  
  43  3:24  Zergling x2  
  45  3:28  Zergling x2  
  45  3:30  Queen  
  49  3:34  Zergling x2  
  49  3:38  Zergling x2  
  50  3:42  Overlord  
  50  3:44  Drone x2  
  52  3:49  Overlord  
  52  3:51  Drone x2  
  52  3:55  Drone x3  
  57  3:59  Drone  
  57  4:06  Overlord  
  57  4:08  Drone  
  58  4:10  Drone  
  58  4:11  Drone  
  58  4:12  Drone  
  58  4:13  Drone x2  
  58  4:14  Drone  
  58  4:16  Lair  
  62  4:19  Queen  
  62  4:21  Drone  
  65  4:24  Drone x2  
  66  4:31  Drone  
  66  4:33  Drone  
  66  4:34  Drone  
  66  4:41  Spore Crawler  
  66  4:42  Extractor  
  66  4:43  Spore Crawler, Overlord  
  63  4:46  Roach Warren  
  63  4:47  Drone x7  
  69  4:57  Spore Crawler, Queen x2  
  69  4:59  Drone  
  74  5:00  Extractor  
  74  5:01  Extractor, Drone  
  74  5:02  Extractor  
  74  5:04  Overlord, Drone  
  73  5:10  Drone x5  
  73  5:14  Queen  
  78  5:17  Hydralisk Den  
  78  5:19  Drone  
  78  5:20  Infestation Pit  
  79  5:21  Extractor  
  79  5:25  Drone x4  
  79  5:26  Drone  
  83  5:28  Drone  
  83  5:29  Drone x2  
  83  5:32  Queen, Drone x2  
  90  5:39  Overlord x2  
  90  5:44  Evolution Chamber  
  90  5:46  Overlord x2  
  89  5:50  Spore Crawler, Queen  
  89  5:51  Muscular Augments  
  90  5:58  Overlord  
  90  5:59  Pathogen Glands  
  90  6:29  Infestor x4  
  97  6:37  Hydralisk  
  97  6:38  Hydralisk x5  
  109  6:43  Hydralisk  
  111  6:47  Queen, Hatchery  
  111  6:48  Queen x2  
  111  6:50  Hatchery  
  111  6:52  Spore Crawler  
  111  6:53  Spore Crawler  
  111  6:54  Hydralisk  
  111  6:55  Hydralisk x2  
  117  7:01  Hydralisk  
  117  7:02  Hydralisk  
  117  7:08  Overlord x2  
  121  7:13  Zerg Missile Weapons Level 1  
  120  7:19  Hydralisk x3  
  126  7:23  Queen  
  126  7:24  Burrow  
  126  7:25  Overlord x2  
  128  7:33  Zergling x16  
  128  7:34  Zergling x2  
  137  7:38  Spore Crawler  
  134  7:44  Hydralisk x4  
  134  7:48  Neural Parasite  
  142  8:01  Drone x8  
  142  8:03  Drone x2  
  152  8:09  Drone x3, Spire  
  154  8:17  Hydralisk  
  154  8:18  Hydralisk x2  
  160  8:27  Hydralisk x4  
  160  8:28  Overlord  
  160  8:32  Spore Crawler  
  160  8:33  Extractor  
  166  8:34  Spore Crawler, Extractor  
  166  8:38  Hydralisk  
  166  8:39  Hydralisk  
  168  8:47  Queen x3  
  170  8:52  Hydralisk x2  
  173  8:58  Overlord x3  
  173  9:02  Spore Crawler  
  168  9:20  Spore Crawler  
  168  9:21  Spore Crawler x4  
  168  9:22  Spore Crawler  
  135  9:26  Mutalisk  
  135  9:27  Mutalisk x3  
  135  9:29  Mutalisk x3  
  144  9:35  Drone x13  
  133  9:50  Drone  
  133  9:51  Drone x7  
  135  9:53  Hydralisk x2  
  135  9:56  Drone  
  135  9:59  Drone  
  137  10:02  Drone  
  137  10:03  Drone x2  
  139  10:08  Drone x2  
  141  10:26  Infestor x4  
  149  10:47  Hydralisk  
  149  10:48  Hydralisk x4  
  157  11:02  Queen x2  
  139  11:34  Hydralisk x11  
  161  11:48  Hydralisk x2  
  165  11:59  Queen x3  
  172  12:01  Drone x9  
  180  12:13  Infestor  
  182  12:23  Hydralisk  
  184  12:42  Hydralisk x3  
  183  12:44  Hatchery  
  169  13:20  Hatchery  
  166  13:32  Overlord x3  
  166  13:35  Corruptor  
  166  13:36  Corruptor x2  
  163  14:04  Queen x2  
  163  14:07  Corruptor x4  
  146  14:20  Spore Crawler  
  145  14:25  Drone x8  
  145  14:26  Drone x2  
  155  14:38  Corruptor  
  155  14:40  Queen  
  159  14:52  Zergling x14  
  166  15:12  Zergling x12  
  172  15:21  Spore Crawler  
  172  15:22  Spore Crawler  
  172  15:24  Spore Crawler  
  169  15:29  Hatchery  
  169  15:34  Zergling x12  
  170  15:48  Zergling x8  
  174  15:59  Zergling x10  
  171  16:27  Corruptor x6  
  179  16:38  Infestor x2  
  182  16:44  Drone x5  
  183  17:03  Overseer x2  
  183  17:04  Corruptor  
  183  17:14  Corruptor  
  172  17:30  Corruptor x2  
  172  17:36  Drone  
  168  17:37  Drone x9  
  174  17:47  Spore Crawler x2  
  174  17:48  Spore Crawler  
  171  17:53  Corruptor  
Show
View Real Time Build Order
Export as new Build Order

Has Protoss 

Build Orders: 1 Gate Expand, Oracle Opening, Phoenix Opening 

Get SALT Encoding   

  12  0:01  Probe (Chrono Boost)  
  13  0:11  Probe (Chrono Boost)  
  14  0:19  Pylon  
  14  0:22  Probe (Chrono Boost)  
  15  0:37  Probe (Chrono Boost)  
  16  0:43  Gateway  
  16  0:48  Probe (Chrono Boost)  
  17  0:51  Assimilator  
  17  0:58  Probe (Chrono Boost)  
  18  1:09  Probe (Chrono Boost)  
  19  1:23  Nexus  
  19  1:26  Probe (Chrono Boost)  
  20  1:36  Cybernetics Core  
  20  1:39  Probe (Chrono Boost)  
  21  1:46  Assimilator  
  21  1:49  Probe (Chrono Boost)  
  22  1:55  Pylon  
  22  2:00  Probe (Chrono Boost)  
  23  2:13  Probe, Adept (Chrono Boost)  
  26  2:25  Probe  
  27  2:31  Stargate  
  27  2:36  Probe (Chrono Boost)  
  28  2:37  Probe (Chrono Boost)  
  29  2:47  Probe (Chrono Boost)  
  29  2:49  Probe (Chrono Boost)  
  31  2:57  Probe (Chrono Boost)  
  32  2:59  Probe (Chrono Boost)  
  33  3:08  Mothership Core (Chrono Boost)  
  33  3:09  Probe (Chrono Boost)  
  36  3:14  Phoenix (Chrono Boost)  
  36  3:18  Probe  
  38  3:25  Nexus  
  39  3:28  Probe, Pylon  
  39  3:29  Probe  
  41  3:37  Oracle (Chrono Boost)  
  41  3:39  Probe  
  41  3:40  Probe  
  46  3:50  Probe  
  46  3:52  Probe  
  48  3:57  Pylon  
  48  4:01  Probe  
  49  4:05  Probe  
  49  4:09  Oracle (Chrono Boost)  
  53  4:13  Probe  
  54  4:18  Nexus  
  54  4:24  Pylon  
  54  4:27  Probe, Pylon  
  54  4:35  Probe  
  54  4:36  Pylon  
  54  4:38  Assimilator, Probe  
  55  4:39  Assimilator  
  55  4:40  Probe  
  57  4:45  Probe  
  57  4:49  Probe  
  57  4:52  Probe  
  63  4:53  Pylon  
  63  4:56  Probe, Stargate, Pylon  
  63  4:58  Stargate  
  61  5:03  Assimilator  
  61  5:04  Probe  
  61  5:06  Probe x2, Assimilator  
  64  5:16  Probe x2  
  64  5:17  Probe  
  67  5:23  Oracle (Chrono Boost)  
  67  5:27  Probe  
  70  5:28  Probe  
  70  5:30  Forge  
  70  5:31  Probe, Pylon  
  70  5:35  Probe  
  73  5:37  Probe  
  73  5:40  Probe  
  73  5:41  Assimilator  
  73  5:42  Probe  
  76  5:45  Probe  
  76  5:46  Assimilator  
  76  5:49  Oracle (Chrono Boost)  
  84  5:54  Probe, Oracle x2 (Chrono Boost)  
  84  5:55  Probe  
  84  5:56  Probe  
  90  6:05  Probe  
  90  6:06  Probe  
  90  6:08  Probe  
  92  6:15  Probe  
  93  6:21  Stargate  
  93  6:22  Stargate  
  93  6:23  Pylon  
  93  6:25  Oracle (Chrono Boost)  
  96  6:29  Oracle (Chrono Boost)  
  99  6:37  Probe x2  
  99  6:38  Probe  
  105  6:41  Probe  
  105  6:42  Oracle (Chrono Boost)  
  106  6:47  Probe  
  106  6:51  Probe  
  105  6:58  Probe  
  105  7:00  Probe  
  105  7:01  Oracle (Chrono Boost)  
  110  7:02  Probe  
  110  7:05  Oracle (Chrono Boost)  
  110  7:07  Pylon  
  114  7:09  Pylon  
  114  7:11  Nexus  
  114  7:13  Pylon  
  114  7:14  Oracle (Chrono Boost), Pylon  
  123  7:16  Photon Cannon  
  123  7:18  Photon Cannon  
  123  7:19  Photon Cannon  
  123  7:20  Oracle x2 (Chrono Boost)  
  123  7:26  Pylon  
  123  7:27  Probe x2  
  123  7:28  Probe  
  126  7:34  Photon Cannon  
  126  7:36  Photon Cannon, Oracle x2 (Chrono Boost)  
  132  7:48  Photon Cannon  
  132  7:50  Photon Cannon  
  131  7:51  Photon Cannon  
  131  7:54  Photon Cannon  
  131  7:55  Photon Cannon x2  
  137  7:59  Photon Cannon, Pylon  
  137  8:00  Oracle (Chrono Boost)  
  137  8:01  Oracle (Chrono Boost), Pylon  
  137  8:04  Photon Cannon, Oracle (Chrono Boost)  
  140  8:06  Photon Cannon  
  140  8:09  Oracle (Chrono Boost)  
  146  8:21  Oracle (Chrono Boost)  
  146  8:24  Nexus  
  146  8:27  Pylon  
  146  8:32  Pylon  
  152  8:36  Oracle (Chrono Boost)  
  152  8:38  Oracle (Chrono Boost)  
  152  8:40  Fleet Beacon  
  152  8:48  Photon Cannon  
  152  8:49  Photon Cannon  
  152  8:54  Pylon  
  152  8:59  Oracle (Chrono Boost)  
  152  9:01  Probe, Photon Cannon  
  161  9:03  Oracle (Chrono Boost)  
  161  9:04  Oracle (Chrono Boost)  
  162  9:28  Photon Cannon  
  162  9:30  Photon Cannon  
  165  9:32  Photon Cannon  
  148  9:50  Probe  
  133  10:00  Phoenix (Chrono Boost)  
  133  10:01  Probe  
  133  10:04  Phoenix x4 (Chrono Boost)  
  133  10:06  Forge  
  144  10:07  Pylon  
  144  10:11  Probe  
  144  10:12  Pylon  
  145  10:22  Probe  
  145  10:28  Probe, Oracle x2 (Chrono Boost)  
  152  10:32  Probe  
  152  10:34  Assimilator  
  160  10:36  Assimilator  
  160  10:37  Oracle (Chrono Boost)  
  160  10:40  Oracle (Chrono Boost)  
  160  10:43  Probe  
  164  10:51  Oracle (Chrono Boost)  
  164  10:53  Probe  
  165  10:59  Oracle (Chrono Boost)  
  165  11:00  Photon Cannon, Oracle (Chrono Boost)  
  165  11:01  Photon Cannon  
  145  11:33  Oracle x3 (Chrono Boost)  
  145  11:34  Oracle (Chrono Boost)  
  145  11:35  Oracle (Chrono Boost)  
  149  11:44  Pylon  
  149  11:47  Pylon x2  
  149  11:48  Pylon  
  149  11:50  Pylon x2  
  149  11:51  Pylon  
  155  12:09  Oracle (Chrono Boost)  
  155  12:10  Oracle (Chrono Boost)  
  155  12:20  Pylon  
  155  12:22  Pylon  
  155  12:24  Phoenix x2 (Chrono Boost)  
  155  12:27  Phoenix (Chrono Boost)  
  163  12:44  Phoenix (Chrono Boost)  
  160  13:03  Forge  
  160  13:04  Pylon  
  184  13:12  Carrier x2 (Chrono Boost)  
  184  13:18  Pylon  
  179  13:36  Oracle (Chrono Boost)  
  161  14:09  Oracle (Chrono Boost)  
  152  14:18  Forge  
  152  14:19  Pylon  
  152  14:22  Pylon  
  152  14:25  Oracle (Chrono Boost)  
  152  14:26  Protoss Air Weapons Level 1, Pylon  
  152  14:29  Oracle (Chrono Boost)  
  158  14:35  Graviton Catapult (Chrono Boost)  
  158  14:41  Void Ray (Chrono Boost)  
  162  14:49  Stargate  
  162  14:56  Nexus, Pylon  
  160  15:00  Assimilator  
  160  15:02  Assimilator  
  146  15:18  Void Ray (Chrono Boost)  
  146  15:19  Void Ray (Chrono Boost)  
  158  15:23  Void Ray (Chrono Boost)  
  154  15:39  Void Ray (Chrono Boost)  
  154  15:40  Photon Cannon  
  151  15:55  Void Ray (Chrono Boost)  
  151  16:05  Void Ray (Chrono Boost)  
  151  16:11  Void Ray (Chrono Boost)  
  154  16:13  Photon Cannon  
  139  16:24  Void Ray (Chrono Boost)  
  118  17:38  Void Ray x2 (Chrono Boost)  
  118  17:44  Void Ray (Chrono Boost)  
Tags
 
Add a new tag
Caveats
  • Supply blocks, unpowered buildings, or Contaminate may cause inaccurate times.
  • Supply counts are checked every 10 seconds.